 Dungeon Crawl Stone Soup version 0.28.0-53-g5a82cb258f (webtiles) character file.

Game seed: 8609783040333875748

920313 Duralumin the Archmage (level 27, -14/171 HPs)
             Began as an Octopode Fire Elementalist on May 17, 2022.
             Was the Champion of Vehumet.
             Killed from afar by a quicksilver dragon (20 damage)
             ... with a bolt of dispelling energy
             ... on level 2 of the Iron City of Dis on June 7, 2022.
             The game lasted 15:32:08 (88069 turns).

Duralumin the Archmage (OpFE)                      Turns: 88069, Time: 15:32:08

Health: -14/171    AC:  2    Str: 10    XL:     27
Magic:  48/63      EV: 15    Int: 42    God:    Vehumet [******]
Gold:   10677      SH:  8    Dex:  8    Spells: 8/80 levels left

rFire   + + .      SeeInvis .   L - staff of conjuration
rCold   + + .      Faith    .   Q - +3 buckler {AC+3}
rNeg    + + +      Spirit   .   d - +2 hat "Oseuzxik" {MP+9 Int+3}
rPois   +          Reflect  .   A - amulet of the Middle {Acrobat rPois Will+ Regen+ Str+2 Dex-4}
rElec   +          Harm     .   E - ring of protection from fire
rCorr   .          Rampage  .   B - ring "Innoad" {rPois rC+ rN++ Int+6 Dex-4}
Will    ++++.      Archmagi +   e - ring of the Mage {Wiz Archmagi}
Stlth   +++++.....              u - ring of Pidonun {rPois rC+ rN+ Slay+3}
HPRegen 1.18/turn               j - ring of fire
MPRegen 0.38/turn               f - ring of Oblieweita {rElec rPois Will+ Stlth+}
                                z - ring "Zyud Gei" {rC+ AC+4 Slay+2 Stlth-}
                                F - +6 ring of intelligence

@: marked, studying Crossbows, corroded
A: almost no armour, amphibious, 8 rings, camouflage 1, gelatinous body 1,
(nimble swimmer 1), tentacles, screaming 1
}: 9/15 runes: serpentine, barnacled, slimy, silver, golden, obsidian, icy,
bone, abyssal
a: Renounce Religion


You were on level 2 of the Iron City of Dis.
You worshipped Vehumet.
Vehumet was exalted by your worship.
You visited 17 branches of the dungeon, and saw 79 of its levels.
You visited the Abyss 2 times.
You also visited: Trove, Bailey, Gauntlet and Wizlab.

You collected 13207 gold pieces.
You spent 2530 gold pieces at shops.

Inventory:

Hand Weapons
 J - the +7 sceptre of Asmodeus
   (You took it off Asmodeus on level 7 of Gehenna)

   It can be evoked to summon fiery demons, with success rate depending on
   Evocations skill.
   Those summoned this way will remain friendly only for a limited time.
Missiles
 h - 11 curare-tipped darts
 n - 15 throwing nets
Armour
 d - the +2 hat "Oseuzxik" (worn) {MP+9 Int+3}
   (You acquired it on level 4 of the Lair of Beasts)

   Int:       It affects your intelligence (+3).
   MP:        It affects your magic capacity (+9).
 Q - a +3 buckler of protection (worn)
Magical Staves
 L - a staff of conjuration (weapon)
Jewellery
 a - an amulet of magic regeneration
 e - the ring of the Mage (on tentacle) {Wiz Archmagi}
   (You took it off a tengu reaver on level 5 of the Vaults)

   [ring of wizardry]

   It improves your spell success rate.
   Archmagi:  It increases the power of your magical spells.
 f - the ring of Oblieweita (on tentacle) {rElec rPois Will+ Stlth+}
   (You found it on level 11 of the Dungeon)

   [ring of willpower]

   rElec:     It insulates you from electricity.
   rPois:     It protects you from poison.
   Will:      It increases your willpower.
   Stlth:     It makes you more stealthy.
 g - the dreamshard necklace {*Dream Drain}
   (You found it on level 7 of Tartarus)

   [amulet of nothing]

   It shatters if its wearer takes lethal or near-lethal damage, preventing the
   blow and releasing protective dreams that heal and fight for the wearer.
   Drain:     It drains your maximum health when unequipped.
 i - a ring of protection from fire
 j - a ring of fire (on tentacle)
 m - the ring "Bemu" {+Blink rPois rCorr Int-2 Dex+7}
   (You found it in a Gauntlet)

   [ring of resist corrosion]

   Int:       It affects your intelligence (-2).
   Dex:       It affects your dexterity (+7).
   rPois:     It protects you from poison.
   +Blink:    It lets you blink.
   rCorr:     It protects you from acid and corrosion.
 t - a ring of see invisible
 u - the ring of Pidonun (on tentacle) {rPois rC+ rN+ Slay+3}
   (You took it off a fire giant on level 7 of Gehenna)

   [ring of positive energy]

   Slay:      It affects your accuracy & damage with ranged weapons and melee
   (+3).
   rC:        It protects you from cold.
   rPois:     It protects you from poison.
   rN:        It protects you from negative energy.
 z - the ring "Zyud Gei" (on tentacle) {rC+ AC+4 Slay+2 Stlth-}
   (You found it on level 5 of the Vaults)

   [ring of protection]

   AC:        It affects your AC (+4).
   Slay:      It affects your accuracy & damage with ranged weapons and melee
   (+2).
   rC:        It protects you from cold.
   Stlth:     It makes you less stealthy.
 A - the amulet of the Middle (around mantle) {Acrobat rPois Will+ Regen+ Str+2 Dex-4}
   (You took it off a deep elf zephyrmancer on level 3 of the Elven Halls)

   [amulet of the acrobat]

   It increases your evasion while moving and waiting.
   Str:       It affects your strength (+2).
   Dex:       It affects your dexterity (-4).
   rPois:     It protects you from poison.
   Regen:     It increases your rate of health regeneration.
   Will:      It increases your willpower.
 B - the ring "Innoad" (right tentacle) {rPois rC+ rN++ Int+6 Dex-4}
   (You found it on level 5 of the Vaults)

   [ring of intelligence]

   Int:       It affects your intelligence (+6).
   Dex:       It affects your dexterity (-4).
   rC:        It protects you from cold.
   rPois:     It protects you from poison.
   rN:        It greatly protects you from negative energy.
 E - a ring of protection from fire (left tentacle)
 F - a +6 ring of intelligence (on tentacle)
 M - a ring of magical power
 U - the ring "Puefolos" {rC+ rN+}
   (You took it off a necromancer on level 3 of the Crypt)

   [ring of positive energy]

   rC:        It protects you from cold.
   rN:        It protects you from negative energy.
 V - a ring of protection from cold
 W - the ring "Wagoxen" {rN+ Str+3 Dex+4}
   (You took it off a deep elf demonologist on level 3 of the Elven Halls)

   [ring of positive energy]

   Str:       It affects your strength (+3).
   Dex:       It affects your dexterity (+4).
   rN:        It protects you from negative energy.
 X - a +4 ring of evasion
Wands
 b - a wand of charming (14)
 l - a wand of iceblast (27)
 r - a wand of digging (22)
 D - a wand of polymorph (3)
 K - a wand of acid (33)
 O - a wand of paralysis (19)
Scrolls
 c - 11 scrolls of teleportation
 k - 11 scrolls of fog
 p - 2 scrolls of holy word
 v - 6 scrolls of magic mapping
 y - 3 scrolls of silence
 I - 8 scrolls of blinking
 Y - 3 scrolls of summoning
Potions
 o - 6 potions of invisibility
 q - 5 potions of ambrosia
 s - 6 potions of flight
 w - 4 potions of brilliance
 C - 4 potions of heal wounds
 G - 17 potions of curing
 H - 7 potions of haste
 T - 4 potions of cancellation
 Z - 2 potions of resistance
Miscellaneous
 x - a figurine of a ziggurat


   Skills:
 - Level 10.0 Fighting
 - Level 10.0 Dodging
 - Level 10.1 Stealth
 - Level 6.0 Shields
 - Level 0.1 Unarmed Combat
 O Level 27 Spellcasting
 - Level 22.4 Conjurations
 - Level 1.0 Hexes
 - Level 16.0 Necromancy
 - Level 8.1 Translocations
 - Level 11.1 Transmutations
 - Level 24.5 Fire Magic
 + Level 23.4 Earth Magic


You had 8 spell levels left.
You knew the following spells:

 Your Spells              Type           Power      Damage    Failure   Level
a - Swiftness             Air            71%        N/A       1%          3
b - Shatter               Erth           77%        3d56*     1%          9
c - Orb of Destruction    Conj           89%        9d19      1%          7
d - Passage of Golubria   Tloc           100%       N/A       1%          4
e - Starburst             Conj/Fire      100%       6d25      0%          6
f - Fireball              Conj/Fire      100%       3d36      0%          5
g - Sublimation of Blood  Necr           100%       N/A       0%          2
i - Blink                 Tloc           100%       N/A       0%          2
k - Apportation           Tloc           100%       N/A       0%          1
l - Ignition              Fire           92%        3d23      1%          8
m - Fire Storm            Conj/Fire      100%       8d25      1%          9
n - Lehudib's Crystal Sp  Conj/Erth      90%        10d20     1%          8
o - Necromutation         Tmut/Necr      65%        N/A       3%          8

Your spell library contained the following spells:

 Spells                   Type           Power      Damage    Failure   Level
 Chain Lightning          Conj/Air       74%        3d98      32%         9
 Beastly Appendage        Tmut           100%       N/A       0%          1
 Foxfire                  Conj/Fire      100%       2x1d9     0%          1
 Magic Dart               Conj           100%       1d8       0%          1
 Pain                     Necr           100%       1d9       0%          1
 Sandblast                Erth           100%       2d20      0%          1
 Shock                    Conj/Air       100%       1d9       0%          1
 Corpse Rot               Necr/Air       100%       N/A       0%          2
 Passwall                 Tmut/Erth      100%       N/A       0%          2
 Scorch                   Fire           100%       2d10      0%          2
 Searing Ray              Conj           100%       2d8       0%          2
 Static Discharge         Conj/Air       100%       N/A       0%          2
 Wereblood                Tmut           100%       N/A       0%          2
 Conjure Flame            Conj/Fire      100%       6-21      0%          3
 Dazzling Flash           Conj/Hex       100%       N/A       0%          3
 Inner Flame              Hex/Fire       100%       N/A       0%          3
 Stone Arrow              Conj/Erth      100%       3d13      0%          3
 Vampiric Draining        Necr           100%       2d13      0%          3
 Dispel Undead            Necr           100%       3d31      0%          4
 Flame Wave               Conj/Fire      100%       2d17      0%          4
 Iskenderun's Mystic Bla  Conj/Tloc      100%       2d19      0%          4
 Leda's Liquefaction      Hex/Erth       63%        N/A       0%          4
 Petrify                  Tmut/Erth      100%       N/A       0%          4
 Sticky Flame             Conj/Fire      100%       2d11      0%          4
 Agony                    Necr           100%       N/A       0%          5
 Borgnjor's Vile Clutch   Necr/Erth      73%        N/A       0%          5
 Excruciating Wounds      Necr           68%        N/A       0%          5
 Irradiate                Conj/Tmut      82%        3d41      0%          5
 Iskenderun's Battlesphe  Conj           100%       2d15      0%          5
 Lee's Rapid Deconstruct  Erth           77%        3d36*     0%          5
 Iron Shot                Conj/Erth      90%        9d16      0%          6
 Slow                     Hex            100%       N/A       1%          1
 Sting                    Tmut/Pois      100%       1d8       1%          1
 Summon Small Mammal      Summ           100%       N/A       1%          1
 Call Imp                 Summ           71%        N/A       1%          2
 Ensorcelled Hibernation  Hex/Ice        100%       N/A       1%          2
 Poisonous Vapours        Pois/Air       100%       N/A       1%          2
 Call Canine Familiar     Summ           71%        N/A       1%          3
 Confusing Touch          Hex            78%        N/A       1%          3
 Gell's Gravitas          Tloc           100%       N/A       1%          3
 Lesser Beckoning         Tloc           100%       N/A       1%          3
 Mephitic Cloud           Conj/Pois/Air  100%       N/A       1%          3
 Portal Projectile        Hex/Tloc       100%       N/A       1%          3
 Spider Form              Tmut/Pois      100%       N/A       1%          3
 Summon Guardian Golem    Hex/Summ       75%        N/A       1%          3
 Teleport Other           Tloc           100%       N/A       1%          3
 Tukima's Dance           Hex            78%        N/A       1%          3
 Airstrike                Air            35%        N/A       1%          4
 Anguish                  Hex/Necr       56%        N/A       1%          4
 Cause Fear               Hex            39%        N/A       1%          4
 Fulminant Prism          Conj/Hex       74%        3d30      1%          4
 Hailstorm                Conj/Ice       100%       3d20      1%          4
 Olgreb's Toxic Radiance  Pois           71%        N/A       1%          4
 Summon Ice Beast         Ice/Summ       71%        N/A       1%          4
 Summon Lightning Spire   Summ/Air       71%        N/A       1%          4
 Alistair's Intoxication  Tmut/Pois      67%        N/A       1%          5
 Blade Hands              Tmut           61%        N/A       1%          5
 Lightning Bolt           Conj/Air       74%        1d99      1%          5
 Manifold Assault         Tloc           100%       N/A       1%          5
 Summon Forest            Summ/Tloc      47%        N/A       1%          5
 Yara's Violent Unravell  Hex/Tmut       52%        3d20      1%          5
 Conjure Ball Lightning   Conj/Air       74%        3x3d27    1%          6
 Death Channel            Necr           68%        N/A       1%          6
 Dispersal                Tloc           56%        N/A       1%          6
 Eringya's Noxious Bog    Tmut/Pois      50%        N/A       1%          6
 Statue Form              Tmut/Erth      94%        N/A       1%          6
 Borgnjor's Revivificati  Necr           68%        N/A       1%          8
 Infestation              Necr           68%        N/A       1%          8
 Metabolic Englaciation   Hex/Ice        37%        N/A       3%          5
 Silence                  Hex/Air        37%        N/A       3%          5
 Summon Mana Viper        Hex/Summ       75%        N/A       3%          5
 Storm Form               Tmut/Air       50%        N/A       12%         7
 Summon Cactus Giant      Summ           35%        N/A       21%         6
 Malign Gateway           Summ/Tloc      47%        N/A       22%         7
 Ozocubu's Refrigeration  Ice            35%        4d12      28%         7
 Disjunction              Tloc           56%        N/A       32%         8
 Enfeeble                 Hex            39%        N/A       56%         7
 Summon Hydra             Summ           35%        N/A       71%         7
 Maxwell's Capacitive Co  Air            35%        ∞         85%         8
 Discord                  Hex            39%        N/A       99%         8
 Summon Horrible Things   Summ           35%        N/A       100%        8
 Death's Door             Necr           68%        N/A       19%         9


Dungeon Overview and Level Annotations

Branches:
Dungeon (15/15)            Temple (1/1) D:5            Lair (6/6) D:11
 Shoals (4/4) Lair:2        Snake (4/4) Lair:4        Slime (5/5) Lair:6
    Orc (2/2) D:10            Elf (3/3) Orc:2        Vaults (5/5) D:13
  Crypt (3/3) Vaults:2       Tomb (3/3) Crypt:3      Depths (4/4) D:15
   Hell (visited)             Dis (2/7) Hell            Geh (7/7) Hell
    Coc (7/7) Hell            Tar (7/7) Hell            Zot (0/5) Depths:4
 Bailey (visited)          WizLab (visited)         Gauntlet (visited)

Altars:
Ashenzari
Cheibriados
Elyvilon
Hepliaklqana
Kikubaaqudgha
Nemelex Xobeh
Okawaru
Sif Muna
Vehumet
Wu Jian
Yredelemnul
The Shining One
Beogh
Lugonu

Shops:
D:15 (=(   Orc:2 [:[[   Elf:1 ?   Shoals:1 ?   Snake:4 :   Vaults:1 ?
Vaults:2 *   Vaults:4 ?   Depths:4 *

Portals:
Hell: Depths:1 Depths:2 Depths:3 Depths:4
Abyss: Lair:6 Depths:3 Depths:4
Pandemonium: Depths:2 Depths:3
Ziggurat: Depths:1

Annotations:
Orc:1 Exodus22XD's ghost, journeyman MiFi
Elf:2 3 runed translucent doors
Coc:7 exclusion: ice statue
Tar:7 Ereshkigal


Innate Abilities, Weirdness & Mutations

You cannot wear most types of armour.
You are amphibious.
You can wear up to eight rings at the same time.
Your skin changes colour to match your surroundings (Stealth+).
Your rubbery body absorbs attacks. (AC +1, EV +1)
((You are camouflaged when in or above water. (Stealth+)))
You have tentacles for arms and can constrict up to eight enemies at once.
You occasionally shout uncontrollably at your foes.


Message History

Vehumet accepts your kill.
You feel your power returning.
The iron dragon roars deafeningly!
The iron dragon is severely wounded.
The iron golem is moderately damaged.
The quicksilver dragon is lightly wounded.
The caustic shrike is moderately wounded.
The golden dragon is lightly wounded.
The iron giant is heavily wounded.
The iron dragon roars deafeningly!
The iron dragon is severely wounded.
The quicksilver dragon roars deafeningly!
The quicksilver dragon is lightly wounded.
The iron golem is moderately damaged.
The iron giant is moderately wounded.
The iron golem is heavily damaged.
A door shatters!
Ka-crash!
You hear a hideous shriek!
You hear a deafening roar!
The quicksilver dragon breathes dispelling energy at you.
The bolt of dispelling energy misses you.
The quicksilver dragon breathes dispelling energy at you.
The bolt of dispelling energy misses you.
The iron giant throws the ancient champion at you!
* * * LOW HITPOINT WARNING * * *
You block the ancient champion's attack.
The golden dragon sets off the alarm!
The alarm trap emits a blaring wail!
A sentinel's mark forms upon you. The golden dragon breathes cold at you.
The bolt of cold hits you! You resist.
* * * LOW HITPOINT WARNING * * *
The golden dragon breathes fire at you. The bolt of fire hits you! You resist.
* * * LOW HITPOINT WARNING * * *
The golden dragon breathes fire at you. The bolt of fire hits you! You resist.
* * * LOW HITPOINT WARNING * * *
The quicksilver dragon breathes dispelling energy at you.
The bolt of dispelling energy hits you!!
Your magical effects are unravelling.
You die...

............#.
.....^.......#.
.9.....D..9....
C..........DC^.
..9........)...
..D^..........9
.......z.......
.......@...D...
..D............
......bb.......
.......b.......
........D..D...
....D..........
...............
..............#


You could see 4 iron golems, 2 iron giants, 2 iron dragons, 4 golden dragons, 3
caustic shrikes, 2 quicksilver dragons and an ancient champion.

Vanquished Creatures
  Asmodeus (Geh:7)
  the Royal Jelly (Slime:5)
  Dissolution (Slime:4)
  3 dread liches
  2 ancient liches
  Mara (Snake:4)
  3 juggernauts
  17 royal mummies
  Saint Roka (Snake:2)
  10 shard shrikes
  Bai Suzhen (Vaults:4)
  2 caustic shrikes
  The ghost of Bunoc the Executioner, a veteran FoFi of Dithmenos (Crypt:2)
  Vashnia (Snake:2)
  5 golden dragons
  Geryon (Hell)
  The ghost of CryoSword the Devastator, an adept DrCj of Sif Muna (Elf:3)
  Nikola (Shoals:1)
  4 bone dragons
  2 profane servitors (Tar:6)
  13 Brimstone Fiends
  2 Tzitzimimeh (Tar:7)
  4 iron giants (Dis:1)
  6 doom hounds
  11 hellephants
  A walking crystal tome (Depths:3)
  23 searing wretches
  6 tainted leviathans
  10 Ice Fiends
  4 tentacled monstrosities
  8 titans
  10 liches
  A walking earthen tome (Depths:2)
  2 walking divine tomes
  2 deep elf blademasters (Elf:3)
  2 deep elf master archers (Elf:3)
  19 acid blobs
  2 quicksilver dragons
  16 sphinxes
  A kraken (Shoals:4)
  Agnes (Elf:1)
  8 tentacled starspawn
  15 ancient champions
  6 shadow dragons
  10 tengu reavers
  A draconian monk (Abyss:4)
  7 storm dragons
  8 rockslimes
  13 narguns
  7 azure jellies
  5 revenants
  8 nagarajas
  4 iron dragons
  The ghost of mif the Severer, a journeyman MiBe of Trog (Snake:2)
  16 frost giants
  A caustic shrike zombie (Crypt:3)
  8 deep elf sorcerers
  A cacodemon (Hell)
  21 vault wardens
  40 fire giants
  A spectral juggernaut (Crypt:2)
  Aizul (Shoals:3)
  26 balrugs
  An orc warlord (Vaults:2)
  2 juggernaut zombies (Crypt:3)
  5 deep elf elementalists
  A draconian stormcaller (Depths:4)
  A draconian annihilator (Abyss:4)
  2 draconian shifters
  11 shard shrike simulacra
  A ghost moth (Vaults:3)
  3 demonspawn corrupters (WizLab)
  7 ghouls
  28 very ugly things
  8 quicksilver oozes
  12 bennus
  A spriggan defender (Depths:2)
  17 reapers
  21 stone giants
  21 ironbound preservers
  2 juggernaut skeletons
  3 war gargoyles
  The ghost of Mallanif the Martial Artist, a journeyman GnTm of Ashenzari (D:13)
  7 deep elf demonologists
  11 vampire knights
  11 ironbound thunderhulks
  25 elemental wellsprings
  2 black draconians (Depths:4)
  8 deep elf annihilators
  A red draconian (Vaults:3)
  2 entropy weavers
  12 dire elephants
  7 putrid mouths
  2 spark wasps
  A white draconian (Depths:4)
  12 wendigos
  A minotaur (Gauntlet)
  3 merfolk impalers
  3 blizzard demons
  16 deep elf death magi
  4 merfolk javelineers (Shoals:4)
  15 eidola
  An iron golem (Hell)
  6 jiangshi
  The ghost of Ornithology the Stormcaller, a journeyman TeAE of Kikubaaqudgha (Lair:6)
  2 ettins (shapeshifter)
  8 ettins
  13 yaktaur captains
  A spectral quicksilver dragon (Tar:1)
  6 fire dragons
  2 spectral spriggans
  11 great orbs of eyes
  5 rakshasas
  20 mummy priests
  3 deep elf high priests
  15 naga warriors
  21 salamander tyrants
  9 ice dragons
  A spriggan zombie (Crypt:3)
  A quicksilver dragon skeleton (Tomb:3)
  A spectral tengu (Depths:2)
  47 vault guards
  A hydra (shapeshifter) (Lair:6)
  A peacekeeper (Vaults:2)
  3 spriggan skeletons
  12 ironbound frosthearts
  6 merfolk avatars
  5 caustic shrike simulacra
  2 ogre magi (Vaults:5)
  9 hydras
  5 juggernaut simulacra
  3 spriggan air magi
  5 stokers
  Erica (D:11)
  3 alligator snapping turtles
  3 catoblepae
  3 death knights
  2 hell beasts
  9 death yaks
  8 merfolk aquamancers
  3 boulder beetles
  13 anacondas
  16 dancing weapons
  6 tengu warriors
  6 deep troll shamans
  3 satyrs
  9 two-headed ogres
  12 centaur warriors
  63 death scarabs
  42 hell hogs
  A titan zombie (Crypt:3)
  4 deep troll earth magi
  A spectral dire elephant (Tar:1)
  5 vampire magi
  Urug (Lair:5)
  16 thrashing horrors
  5 orc high priests
  13 naga sharpshooters
  3 spriggan berserkers
  9 sun demons
  A titan skeleton (Crypt:1)
  A shock serpent (Snake:4)
  6 salamander mystics
  22 hell knights
  11 soul eaters
  An iron troll (Depths:1)
  16 deep elf knights
  7 shadow wraiths
  36 skeletal warriors
  13 wretched stars
  21 starcursed masses
  A fire crab (Lair:5)
  6 quicksilver dragon simulacra
  2 bunyip zombies
  48 deep trolls
  3 sixfirhies
  7 flayed ghosts
  A spectral bunyip (Tar:1)
  2 anaconda zombies (Crypt:3)
  6 glowing orange brains
  13 sea snakes
  2 shadow demons
  A spectral anaconda (Crypt:2)
  A death drake (Abyss:4)
  A spriggan druid (WizLab)
  3 spatial maelstroms
  13 deep elf archers
  4 naga ritualists
  A storm dragon skeleton (Crypt:1)
  2 bog bodies (Crypt:2)
  11 lindwurms
  17 phantasmal warriors
  15 ironbound convokers
  Pikel (D:9)
  A shadow dragon zombie (Crypt:3)
  A spectral hydra (Tar:7)
  6 spriggan simulacra
  A sea snake (shapeshifter) (Elf:2)
  18 deep elf zephyrmancers
  A swamp dragon (WizLab)
  2 anaconda skeletons
  28 necromancers
  10 mana vipers
  14 wizards
  34 deep elf pyromancers
  8 orc knights
  A shadow dragon skeleton (Crypt:3)
  An iron dragon zombie (Crypt:3)
  12 harpies
  36 ugly things
  7 shining eyes
  4 draconians (Abyss:4)
  14 fauns
  8 orc sorcerers
  9 cyclopes
  A spectral ettin (Tar:4)
  A manticore (shapeshifter) (Depths:4)
  15 manticores
  17 naga magi
  28 salamanders
  Maurice (D:12)
  A frost giant zombie (Vaults:3)
  15 elephants
  4 apocalypse crabs
  12 guardian serpents
  A frost giant skeleton (Vaults:3)
  4 worldbinders
  A stone giant skeleton (Vaults:3)
  18 vault sentinels
  The ghost of Dreadrock the Chopper, a novice DDBe of Trog (D:4)
  3 rust devils
  41 black mambas
  5 merfolk sirens
  3 eyes of devastation
  5 orange demons
  7 titan simulacra
  A black mamba (shapeshifter) (Depths:1)
  3 dire elephant zombies
  2 ice statues
  2 dire elephant skeletons
  8 smoke demons
  6 cane toads
  9 molten gargoyles (Geh:7)
  A gargoyle (D:14)
  Maggie (D:10)
  15 hellions
  7 water nymphs
  A black draconian zombie (Crypt:2)
  An eye of devastation (shapeshifter) (Elf:1)
  26 yaktaurs
  2 efreet (D:14)
  An unseen horror (D:12)
  10 freezing wraiths
  A catoblepas zombie (Hell)
  A demonic crawler (Hell)
  4 anaconda simulacra
  3 yaktaurs (shapeshifter)
  2 bunyip simulacra
  13 komodo dragons
  9 rime drakes
  2 iron giant simulacra
  9 tormentors
  5 tengu conjurers
  2 ice devils
  3 trolls
  5 ancient zymes
  37 merfolk
  14 hellwings
  2 harpy zombies (Crypt:3)
  42 guardian mummies
  2 spectral harpies (Crypt:2)
  A red devil (Abyss:3)
  A meliai (shapeshifter) (Elf:2)
  3 polar bears
  2 queen bees (shapeshifter)
  Grinder (D:4)
  A tyrant leech (Gauntlet)
  3 hornets
  7 wind drakes
  A harpy skeleton (Crypt:3)
  A hornet (shapeshifter) (Vaults:5)
  A tengu simulacrum (Coc:1)
  14 raiju
  A tarantella (shapeshifter) (Lair:6)
  13 large abominations
  18 blink frogs
  65 slime creatures
  24 dream sheep
  An ettin zombie (Crypt:3)
  15 snapping turtles
  A fire giant simulacrum (Vaults:3)
  3 iron dragon simulacra
  A centaur simulacrum (Crypt:2)
  4 stone giant simulacra
  An alligator skeleton (Crypt:2)
  30 flying skulls
  A spriggan (shapeshifter) (Vaults:2)
  5 air elementals
  2 boulder beetle zombies
  2 black mamba skeletons
  An orc simulacrum (Coc:2)
  3 ynoxinuls
  3 wyverns
  16 ushabtiu
  3 spriggans
  A jumping spider (Vaults:1)
  9 dire elephant simulacra
  10 wraiths
  76 yaks
  A basilisk (shapeshifter) (Vaults:3)
  A fire elemental (Elf:3)
  5 golden eyes (Abyss:3)
  A yak (shapeshifter) (Elf:2)
  8 basilisks
  5 chaos spawn
  31 water elementals
  A steam dragon (D:8)
  10 vampire mosquitoes
  4 neqoxecs (Abyss:4)
  4 redbacks
  2 redbacks (shapeshifter)
  An alligator snapping turtle simulacrum (Coc:3)
  2 human simulacra
  A demonspawn zombie (Crypt:2)
  A deep troll zombie (Crypt:3)
  A wind drake skeleton (Crypt:2)
  38 nagas
  7 spatial vortices
  5 wargs
  2 naga zombies
  23 water moccasins
  Edmund (D:4)
  4 swamp worms (Gauntlet)
  11 harpy simulacra
  4 hydra simulacra
  2 floating eyes (Depths:2)
  4 hell hounds (Hell)
  2 floating eyes (shapeshifter)
  An acid dragon (D:14)
  4 black bears
  A water nymph skeleton (Crypt:2)
  32 orc warriors
  A black mamba simulacrum (Hell)
  3 sky beasts
  4 ettin simulacra
  6 ogres
  12 boggarts
  3 necrophages
  A manticore skeleton (Crypt:2)
  18 centaurs
  17 wolves
  A torpor snail zombie (Crypt:1)
  A swamp dragon skeleton (Crypt:2)
  2 phantoms (D:5)
  A komodo dragon zombie (Crypt:1)
  2 lemures (D:9)
  7 kobold brigands
  14 bullfrogs
  7 scorpions
  5 naga simulacra
  3 earth elementals
  9 wyvern skeletons
  A swamp dragon simulacrum (Coc:1)
  6 killer bees (D:10)
  11 wights
  3 electric eels (Lair:5)
  3 howler monkeys
  6 centaur zombies
  2 lava snakes
  6 iron imps
  2 jellies (Lair:6)
  Crazy Yiuf (D:2)
  17 orc priests
  A gnoll shaman (D:6)
  3 hounds
  Ijyb (D:3)
  A basilisk skeleton (Crypt:1)
  Jessica (D:2)
  Natasha (thrice) (D:4)
  5 iguanas
  19 orc wizards
  8 centaur skeletons
  2 hell rats
  A killer bee zombie (Crypt:2)
  21 small abominations
  An acid dragon skeleton (Crypt:1)
  A hound skeleton (D:2)
  51 mummies
  3 howler monkey zombies
  4 gnolls
  9 adders
  2 white imps
  An ufetubus (D:5)
  A worm (D:4)
  A dart slug (D:4)
  65 orcs
  3 ball pythons
  5 bats
  6 endoplasms
  4 giant cockroaches
  14 goblins
  3 hobgoblins
  23 kobolds
  A quokka (D:1)
  2 orc zombies
  3 rats (D:1)
  8 creeping infernos
  10 fire vortices
  A lurking horror (Abyss:4)
  3 tentacles (Shoals:4)
  2 withered plants (Crypt:3)
3169 creatures vanquished.

Vanquished Creatures (collateral kills)
  An Ice Fiend (Coc:7)
  A walking earthen tome (Depths:3)
  A titan (Coc:2)
  A walking divine tome (Depths:2)
  A tentacled starspawn (WizLab)
  A tengu reaver (Depths:2)
  A shadow dragon (Depths:4)
  A nargun (Coc:7)
  A rockslime (Slime:5)
  A spectral caustic shrike (Tar:3)
  A vault warden (Vaults:5)
  An iron dragon (Depths:2)
  A mummy priest (Tomb:2)
  A yaktaur captain (Vaults:5)
  A death scarab (Tomb:3)
  A deep elf zephyrmancer (Elf:3)
  A shining eye (Slime:3)
  A centaur zombie (Tomb:2)
  A dire elephant skeleton (Crypt:2)
  A yaktaur (Vaults:5)
  A guardian mummy (Tomb:1)
  2 flying skulls (Tomb:2)
  A hydra simulacrum (Coc:1)
  An ettin simulacrum (Coc:4)
  2 small abominations
  A starcursed mass (Abyss:3)
  11 mummies
  An orc (Vaults:5)
  5 foxfires
  A starspawn tentacle (Abyss:4)
46 creatures vanquished.

Vanquished Creatures (others)
  A dancing weapon (Elf:3)
  A blink frog (Lair:6)
  A harpy simulacrum (Coc:1)
  A boggart (Vaults:3)
  2 hell rats (Hell)
  An ufetubus (Abyss:4)
  2 bushes
  3 creeping infernos
  737 fire vortices
  1054 foxfires
  65 fungi
  173 plants
  8 starspawn tentacles
  A tentacle (Shoals:4)
  35 withered plants (Crypt:3)
2085 creatures vanquished.

Grand Total: 5300 creatures vanquished

Notes
Turn   | Place    | Note
-------+----------+-------------------------------------------
     0 | D:1      | Duralumin the Octopode Fire Elementalist began the quest
                  | for the Orb.
     0 | D:1      | Reached XP level 1. HP: 11/11 MP: 3/3
   221 | D:1      | Reached XP level 2. HP: 17/17 MP: 1/5
   235 | D:1      | Learned a level 2 spell: Scorch
  1025 | D:2      | Reached XP level 3. HP: 21/21 MP: 0/6
  1649 | D:2      | Reached skill level 3 in Spellcasting
  1649 | D:2      | Reached XP level 4. HP: 27/27 MP: 4/8
  1650 | D:2      | Noticed Jessica
  1657 | D:2      | Killed Jessica
  1872 | D:2      | Found a runed translucent door.
  1873 | D:2      | Noticed Crazy Yiuf
  1892 | D:2      | Killed Crazy Yiuf
  1893 | D:2      | Reached XP level 5. HP: 31/31 MP: 2/10
  2168 | D:3      | Noticed Ijyb
  2198 | D:3      | Killed Ijyb
  2485 | D:3      | Learned a level 3 spell: Conjure Flame
  3408 | D:4      | Found a large runed translucent door.
  3408 | D:4      | Found a large runed translucent door.
  3475 | D:4      | Noticed a black bear
  3512 | D:4      | Killed a black bear
  3513 | D:4      | Reached skill level 4 in Spellcasting
  3513 | D:4      | Reached XP level 6. HP: 36/36 MP: 3/12
  3519 | D:4      | Noticed Edmund
  3705 | D:4      | Reached skill level 5 in Fire Magic
  3705 | D:4      | Noticed Natasha
  3708 | D:4      | Killed Natasha
  3782 | D:4      | Reached XP level 7. HP: 41/41 MP: 4/14
  3812 | D:4      | Noticed Natasha
  3822 | D:4      | Killed Natasha
  3838 | D:4      | Noticed Natasha
  4112 | D:4      | Killed Natasha
  4160 | D:4      | Reached skill level 5 in Spellcasting
  4234 | D:4      | Noticed Dreadrock's ghost (novice DDBe)
  4285 | D:4      | Noticed Grinder
  4328 | D:4      | Killed Grinder
  4329 | D:4      | Reached XP level 8. HP: 46/46 MP: 3/16
  4333 | D:4      | Learned a level 3 spell: Inner Flame
  4338 | D:4      | Learned a level 4 spell: Flame Wave
  4549 | D:4      | Killed Edmund
  5176 | D:5      | Entered Level 5 of the Dungeon
  5184 | D:5      | Found a staircase to the Ecumenical Temple.
  5193 | Temple   | Entered the Ecumenical Temple
  5230 | Temple   | Became a worshipper of Vehumet
  5380 | D:5      | Reached skill level 6 in Spellcasting
  5676 | D:5      | Found a broken altar of Ashenzari.
  5800 | D:5      | Reached skill level 5 in Conjurations
  5811 | D:5      | Reached XP level 9. HP: 41/51 MP: 1/19
  5876 | D:5      | Reached skill level 7 in Spellcasting
  6008 | D:5      | Found the +18 Lear's hauberk
  6145 | D:5      | Found a shimmering blue altar of Sif Muna.
  6764 | D:6      | Learned a level 5 spell: Fireball
  6943 | D:6      | Reached skill level 1 in Hexes
  7321 | D:6      | Reached * piety under Vehumet
  7321 | D:6      | Offered knowledge of Magic Dart by Vehumet.
  8397 | D:4      | Killed Dreadrock's ghost
  8468 | D:7      | Noticed a two-headed ogre
  8612 | D:7      | Found a snail-covered altar of Cheibriados.
  8701 | D:7      | Reached XP level 10. HP: 48/57 MP: 14/21
  8821 | D:7      | Identified the +0 robe of Kikubaaqudgha's Favour {*Slow
                  | rCorr SInv}
  9076 | D:7      | Killed a two-headed ogre
  9077 | D:7      | Reached skill level 10 in Fire Magic
  9530 | D:8      | Reached skill level 8 in Spellcasting
  9634 | D:8      | Reached ** piety under Vehumet
  9634 | D:8      | Offered knowledge of Sandblast by Vehumet.
 10760 | D:9      | Learned a level 2 spell: Sublimation of Blood
 10766 | D:9      | Learned a level 5 spell: Iskenderun's Battlesphere
 10918 | D:9      | Found a flagged portal.
 11001 | Bailey   | Entered a bailey
 11064 | Bailey   | Reached skill level 1 in Shields
 11240 | Bailey   | Noticed an orc knight
 11252 | Bailey   | Killed an orc knight
 11252 | Bailey   | Offered knowledge of Static Discharge by Vehumet.
 11253 | Bailey   | Reached XP level 11. HP: 62/62 MP: 7/23
 11389 | Bailey   | Reached skill level 5 in Dodging
 11527 | Bailey   | Found a burning altar of Makhleb.
 11541 | Bailey   | Identified the +2 scimitar of Xonlenna {flame, rC+ Int+3
                  | Dex-5}
 11945 | D:9      | Reached *** piety under Vehumet
 12091 | D:9      | Noticed a two-headed ogre
 12091 | D:9      | Noticed Pikel
 12103 | D:9      | Killed a two-headed ogre
 12104 | D:9      | Reached skill level 9 in Spellcasting
 12109 | D:9      | Killed Pikel
 12718 | D:10     | Entered Level 10 of the Dungeon
 12758 | D:10     | Noticed a manticore
 12762 | D:10     | Noticed a catoblepas
 12764 | D:10     | Killed a manticore
 12765 | D:10     | Reached skill level 5 in Stealth
 12813 | D:10     | Killed a catoblepas
 12825 | D:10     | Noticed a two-headed ogre
 12833 | D:10     | Killed a two-headed ogre
 13017 | D:10     | Offered knowledge of Ignite Poison by Vehumet.
 13257 | D:10     | Found a staircase to the Orcish Mines.
 13262 | D:10     | Noticed Maggie
 13265 | D:10     | Noticed a two-headed ogre
 13551 | D:10     | Killed a two-headed ogre
 13552 | D:10     | Reached skill level 5 in Fighting
 13552 | D:10     | Reached XP level 12. HP: 77/77 MP: 15/25
 13588 | D:10     | Killed Maggie
 14466 | D:11     | Reached **** piety under Vehumet
 14594 | D:11     | Offered knowledge of Airstrike by Vehumet.
 14683 | D:11     | Noticed a two-headed ogre
 14691 | D:11     | Killed a two-headed ogre
 14798 | D:11     | Noticed Erica
 15107 | D:11     | Found a staircase to the Lair.
 15363 | D:11     | Killed Erica
 15419 | Lair:1   | Entered Level 1 of the Lair of Beasts
 16226 | Lair:1   | Reached skill level 10 in Spellcasting
 16745 | Lair:2   | Noticed a catoblepas
 16803 | Lair:2   | Found a staircase to the Shoals.
 16817 | Lair:2   | Reached skill level 10 in Conjurations
 17527 | Lair:2   | Killed a catoblepas
 18284 | Lair:3   | Reached XP level 13. HP: 26/82 MP: 9/27
 19031 | Lair:3   | Learned a level 2 spell: Blink
 21355 | Lair:4   | Reached ***** piety under Vehumet
 21486 | Lair:4   | Offered knowledge of Sticky Flame by Vehumet.
 21492 | Lair:4   | Learned a level 4 spell: Sticky Flame
 21669 | Lair:4   | Found a staircase to the Snake Pit.
 21945 | Lair:4   | Identified a scroll of acquirement
 21946 | Lair:4   | Acquired the +2 hat "Oseuzxik" {MP+9 Int+3}
 22902 | Lair:5   | Reached XP level 14. HP: 48/88 MP: 24/28
 23442 | Lair:5   | Noticed Urug
 23445 | Lair:5   | Killed Urug
 23982 | Lair:5   | Reached skill level 15 in Fire Magic
 24049 | Lair:5   | Reached skill level 11 in Spellcasting
 24745 | Lair:6   | Entered Level 6 of the Lair of Beasts
 24789 | Lair:6   | Found a gate leading to a gauntlet.
 24792 | Lair:6   | Found a runed translucent door.
 24795 | Gauntlet | Entered a Gauntlet
 24795 | Gauntlet | Found a transporter.
 24795 | Gauntlet | Found a transporter.
 24807 | Gauntlet | Found a transporter.
 24811 | Gauntlet | Found a transporter.
 24839 | Gauntlet | Found a transporter.
 24843 | Gauntlet | Found a transporter.
 24855 | Gauntlet | Found a transporter.
 24859 | Gauntlet | Found a transporter.
 24872 | Gauntlet | Found a transporter.
 24885 | Gauntlet | Found a transporter.
 24899 | Gauntlet | Found a transporter.
 24903 | Gauntlet | Found a transporter.
 25103 | Gauntlet | Identified the ring "Bemu" {+Blink rPois rCorr Int-2 Dex+7}
 25224 | Gauntlet | Identified the +5 short sword "Bizoalukk" {venom, Str+3
                  | Dex+4}
 25224 | Gauntlet | Identified the ring "Qubum" {rCorr Str-3 Int+3 Slay+5}
 25621 | Lair:6   | Reached skill level 5 in Shields
 26620 | Lair:6   | Found a staircase to the Slime Pits.
 26747 | Lair:6   | Noticed Ornithology's ghost (journeyman TeAE)
 26757 | Lair:6   | Killed Ornithology's ghost
 27018 | Lair:6   | Learned a level 7 spell: Orb of Destruction
 27161 | Lair:6   | Reached XP level 15. HP: 93/93 MP: 24/30
 27184 | Lair:6   | Offered knowledge of Starburst by Vehumet.
 28140 | Lair:6   | Found a corrupted altar of Lugonu.
 28141 | Lair:6   | Found a one-way gate to the infinite horrors of the Abyss.
 28232 | Lair:6   | Learned a level 6 spell: Starburst
 28685 | D:11     | Reached skill level 12 in Spellcasting
 28909 | D:11     | Identified the ring of Oblieweita {rElec rPois Will+
                  | Stlth+}
 29144 | Orc:1    | Entered Level 1 of the Orcish Mines
 29395 | Orc:2    | Entered Level 2 of the Orcish Mines
 29436 | Orc:1    | Offered knowledge of Freezing Cloud by Vehumet.
 29859 | Orc:1    | Found a transporter.
 29862 | Orc:1    | Noticed Exodus22XD's ghost (journeyman MiFi)
 29871 | Orc:1    | Found a transporter.
 30296 | Orc:2    | Found a staircase to the Elven Halls.
 30966 | Orc:2    | Reached skill level 15 in Conjurations
 31177 | Orc:2    | Found Doerghet's Antique Armour Shop.
 31177 | Orc:2    | Found Kipnomih's Book Shoppe.
 31179 | Orc:2    | Found Oteklir's Armour Shoppe.
 31179 | Orc:2    | Found Nivarih's Antique Armour Shop.
 32147 | D:12     | Noticed Maurice
 32149 | D:12     | Killed Maurice
 32674 | D:12     | Found a shimmering blue altar of Sif Muna.
 32976 | D:12     | Upgraded the game from 0.28.0-49-g6dfe1f597d to
                  | 0.28.0-53-g5a82cb258f
 32993 | D:13     | Found a runed translucent gate.
 33003 | D:13     | Reached skill level 13 in Spellcasting
 33003 | D:13     | Reached XP level 16. HP: 99/99 MP: 21/33
 33003 | D:13     | Noticed Mallanif's ghost (journeyman GnTm)
 33566 | D:13     | Found a runed translucent gate.
 33567 | D:13     | Found a runed translucent gate.
 33581 | D:13     | Killed Mallanif's ghost
 33633 | D:13     | Identified the +1 scimitar "Gonisch" {vamp, rCorr Str-5
                  | Dex+8}
 33733 | D:13     | Found a gate to the Vaults.
 34477 | D:14     | Offered knowledge of Spellforged Servitor by Vehumet.
 34508 | D:14     | Identified the +9 falchion of Diet Blood {holy, Fly rCorr}
 34666 | D:14     | Found a radiant altar of Vehumet.
 34884 | D:14     | Reached skill level 14 in Spellcasting
 35554 | D:15     | Entered Level 15 of the Dungeon
 35654 | D:15     | Found a staircase to the Depths.
 36206 | D:15     | Found Cefifay's Weapon Shoppe.
 36312 | D:15     | Found Raadeun's Jewellery Boutique.
 36319 | D:15     | Bought a ring of magical power for 320 gold pieces
 36475 | D:15     | Reached skill level 15 in Spellcasting
 36710 | D:15     | Found a white marble altar of Elyvilon.
 36992 | D:15     | Found Yfauliz's Weapon Boutique.
 37390 | Snake:1  | Entered Level 1 of the Snake Pit
 37410 | Snake:1  | Reached XP level 17. HP: 74/103 MP: 11/36
 37838 | Snake:1  | Offered knowledge of Ozocubu's Refrigeration by Vehumet.
 38336 | Snake:2  | Noticed Vashnia
 38345 | Snake:2  | Killed Vashnia
 38549 | Snake:2  | Noticed mif's ghost (journeyman MiBe)
 38874 | Snake:2  | Found a runed translucent door.
 38902 | Snake:2  | Reached skill level 10 in Dodging
 39126 | Snake:2  | Noticed Saint Roka
 39133 | Snake:2  | Killed Saint Roka
 40628 | Snake:2  | Killed mif's ghost
 41737 | Snake:4  | Entered Level 4 of the Snake Pit
 41802 | Snake:4  | Found Igumef's Book Shoppe.
 42372 | Snake:4  | Reached XP level 18. HP: 70/109 MP: 22/37
 42388 | Snake:4  | Bought a book of Party Tricks for 304 gold pieces
 42390 | Snake:4  | Learned a level 1 spell: Apportation
 42796 | Snake:4  | Offered knowledge of Yara's Violent Unravelling by Vehumet.
 43004 | Snake:4  | Reached ****** piety under Vehumet
 43321 | Snake:4  | Reached skill level 16 in Spellcasting
 44135 | Snake:4  | Noticed Mara
 44137 | Snake:4  | Noticed Duralumin's illusion
 44410 | Snake:4  | Noticed Duralumin's illusion
 44562 | Snake:4  | Noticed Duralumin's illusion
 44570 | Snake:4  | Noticed Duralumin's illusion
 44573 | Snake:4  | Killed Mara
 44573 | Snake:4  | Offered knowledge of Ignition by Vehumet.
 44736 | Snake:4  | Got a serpentine rune of Zot
 45070 | Lair:1   | Learned a level 8 spell: Ignition
 45119 | Shoals:1 | Entered Level 1 of the Shoals
 45119 | Shoals:1 | Found Aggucaum's Magic Scroll Emporium.
 45136 | Shoals:1 | Identified the +2 pair of gloves of Ucriny {Contam rC++
                  | Dex+8 SInv}
 45136 | Shoals:1 | Noticed Nikola
 45239 | Shoals:1 | Killed Nikola
 45455 | Shoals:1 | Reached skill level 1 in Translocations
 46197 | Shoals:2 | Reached XP level 19. HP: 114/114 MP: 39/39
 46207 | Shoals:2 | Reached skill level 1 in Necromancy
 47190 | Shoals:3 | Reached skill level 5 in Necromancy
 47194 | Shoals:3 | Offered knowledge of Lehudib's Crystal Spear by Vehumet.
 47194 | Shoals:3 | Offered knowledge of Shatter by Vehumet.
 47194 | Shoals:3 | Offered knowledge of Chain Lightning by Vehumet.
 47762 | Shoals:3 | Noticed Aizul
 47767 | Shoals:3 | Killed Aizul
 48093 | Shoals:4 | Entered Level 4 of the Shoals
 48736 | Shoals:4 | Found the +9 heavy crossbow "Sniper" {vorpal, Acc+∞ SInv}
 49344 | Shoals:4 | Got a barnacled rune of Zot
 49392 | Shoals:4 | Identified the amulet "Poutysm" {Spirit Stlth+}
 49485 | Shoals:4 | Reached skill level 10 in Fighting
 49964 | Snake:4  | Bought the Handbook of Igneous Execration for 874 gold
                  | pieces
 50158 | Vaults:1 | Entered Level 1 of the Vaults
 50764 | Vaults:1 | Reached XP level 20. HP: 89/132 MP: 40/40
 51547 | Vaults:1 | Found Qezaypij's Magic Scroll Emporium.
 51554 | Vaults:1 | Bought a scroll of teleportation for 57 gold pieces
 52905 | Vaults:2 | Reached skill level 17 in Spellcasting
 53417 | Vaults:2 | Found a staircase to the Crypt.
 53544 | Vaults:2 | Found Ezuamup's Assorted Antiques.
 53553 | Vaults:2 | Bought a potion of heal wounds for 185 gold pieces
 53749 | Vaults:2 | Reached XP level 21. HP: 137/137 MP: 25/42
 55651 | Vaults:3 | Learned a level 9 spell: Fire Storm
 55668 | Vaults:3 | Identified the +8 war axe "Murmur" {protect, MP+9 Int+3}
 55706 | Vaults:3 | Got Sif Muna's Handbook of Spatial Earth
 55791 | Vaults:3 | Got the Papyrus of Arcane Weapons
 56008 | Vaults:3 | Reached skill level 18 in Spellcasting
 56791 | Vaults:4 | Noticed Bai Suzhen
 56794 | Vaults:4 | Killed Bai Suzhen
 57245 | Vaults:4 | Found Akhys's Magic Scroll Boutique.
 57257 | Vaults:4 | Bought a scroll of magic mapping for 59 gold pieces
 57257 | Vaults:4 | Bought a scroll of blinking for 127 gold pieces
 57257 | Vaults:4 | Bought a scroll of blinking for 127 gold pieces
 57257 | Vaults:4 | Bought a scroll of blinking for 127 gold pieces
 57517 | Vaults:4 | Reached XP level 22. HP: 143/143 MP: 44/44
 57546 | Vaults:4 | Identified the +9 arbalest of Acvoalul {speed, Fly rF++
                  | Dex+3 Stlth-}
 57816 | Depths:1 | Entered Level 1 of the Depths
 57829 | Depths:1 | Found a magical portal.
 57838 | WizLab   | Entered Alistair's Party Mansion
 58132 | WizLab   | Identified the amulet "Losiarch" {Regen+ Dex+6}
 58389 | WizLab   | Acquired 954 gold pieces
 58667 | Depths:1 | Found a one-way gateway to a ziggurat.
 59053 | Depths:1 | Identified the +8 demon blade of Ihaisamuh {vamp, rF++
                  | Int+2}
 59772 | Depths:1 | Found a gateway to Hell.
 60021 | Depths:1 | Found an iron altar of Okawaru.
 60197 | Depths:1 | Reached skill level 19 in Spellcasting
 60327 | Depths:1 | Identified the +0 pair of gloves "Ogal" {Will+}
 60688 | Depths:2 | Noticed a golden dragon
 60692 | Depths:2 | Killed a golden dragon
 60693 | Depths:2 | Noticed a caustic shrike
 60697 | Depths:2 | Killed a caustic shrike
 61016 | Depths:2 | Noticed a juggernaut
 61019 | Depths:2 | Killed a juggernaut
 61328 | Depths:2 | Reached XP level 23. HP: 148/148 MP: 36/46
 61465 | Depths:2 | Found a one-way gate leading to the halls of Pandemonium.
 61868 | Depths:2 | Found a hazy altar of Hepliaklqana.
 62743 | Depths:3 | Noticed a golden dragon
 62745 | Depths:3 | Killed a golden dragon
 63092 | Depths:3 | Noticed a caustic shrike
 63094 | Depths:3 | Killed a caustic shrike
 63096 | Depths:3 | Noticed a golden dragon
 63099 | Depths:3 | Killed a golden dragon
 63316 | Depths:3 | Identified the +8 hand axe of Zin's Pride {vorpal, rPois
                  | Will- Int+3 Dex+3}
 63317 | Depths:3 | Identified the +6 dagger of Chaos {vorpal, rC+}
 63551 | Depths:4 | Entered Level 4 of the Depths
 63597 | Depths:4 | Reached skill level 20 in Spellcasting
 64147 | Depths:4 | Identified the +3 scale mail of Lethargy {Dex+5}
 64222 | Depths:4 | Found Lapleam's Assorted Antiques.
 64232 | Depths:4 | Bought a potion of haste for 320 gold pieces
 64259 | Depths:4 | Found an ornate altar of the Wu Jian Council.
 64493 | Depths:4 | Found a gate to the Realm of Zot.
 64783 | Vaults:5 | Entered Level 5 of the Vaults
 64786 | Vaults:5 | Reached XP level 24. HP: 151/154 MP: 47/47
 64847 | Vaults:5 | Identified the +1 flail "Ithedeor" {vorpal, rElec rF+++
                  | Dex-2 Stlth+}
 64869 | Vaults:5 | Reached skill level 21 in Spellcasting
 64894 | Vaults:4 | Learned a level 8 spell: Lehudib's Crystal Spear
 65024 | Vaults:5 | Reached skill level 1 in Earth Magic
 65340 | Vaults:5 | Identified the +4 spear "Killer Klown's Peril" {venom, Fly
                  | rF+ Int+4}
 65348 | Vaults:5 | Got the Compendium of Hurtful Summoning
 65355 | Vaults:5 | Got a silver rune of Zot
 65490 | Vaults:5 | Identified the ring "Zyud Gei" {rC+ AC+4 Slay+2 Stlth-}
 65615 | Vaults:5 | Identified the +6 long sword "Zoiw" {vamp, rElec}
 65624 | Vaults:5 | Identified the ring "Innoad" {rPois rC+ rN++ Int+6 Dex-4}
 65640 | Vaults:5 | Identified the +1 scale mail "Regockir" {Str+2}
 66283 | Depths:3 | Voluntarily entered the Abyss.
 66466 | Abyss:3  | Found a hide-covered altar of Uskayaw.
 66743 | Depths:3 | Escaped the Abyss
 67115 | Depths:3 | Voluntarily entered the Abyss.
 67198 | Abyss:3  | Found a shimmering blue altar of Sif Muna.
 67201 | Abyss:3  | Got the Papyrus of the Glacier
 67206 | Abyss:3  | Got the Almanac of Conjuration
 67229 | Abyss:3  | Got Ereshkigal's Grimoire of Darkness
 67231 | Abyss:3  | Got Epsomauh's Reference Book on Calling
 67238 | Abyss:3  | Found a shimmering blue altar of Sif Muna.
 67265 | Abyss:3  | Found a shimmering blue altar of Sif Muna.
 68382 | Abyss:4  | Found a corrupted altar of Lugonu.
 68401 | Abyss:4  | Found a transporter.
 68447 | Abyss:4  | Found a transporter.
 68465 | Abyss:4  | Reached skill level 5 in Translocations
 68465 | Abyss:4  | Reached XP level 25. HP: 56/159 MP: 27/48
 68465 | Abyss:4  | Reached XP level 26. HP: 58/165 MP: 27/48
 68465 | Abyss:4  | Got an abyssal rune of Zot
 68478 | Depths:3 | Escaped the Abyss
 68763 | Slime:1  | Entered Level 1 of the Pits of Slime
 68885 | Slime:4  | Noticed Dissolution
 68888 | Slime:4  | Killed Dissolution
 68927 | Slime:5  | Entered Level 5 of the Pits of Slime
 68975 | Slime:5  | Reached XP level 27. HP: 171/171 MP: 40/48
 68985 | Slime:5  | Noticed the Royal Jelly
 68987 | Slime:5  | Killed the Royal Jelly
 68988 | Slime:5  | Reached skill level 10 in Necromancy
 69023 | Slime:4  | Gained mutation: You occasionally shout uncontrollably at
                  | your foes. [a shining eye]
 69182 | Slime:5  | Got a slimy rune of Zot
 69197 | Slime:5  | Found the +18 shield of the Gong {rElec rN+ Will+ EV-5}
 69275 | Slime:5  | Identified the +11 short sword of Antique Valour {venom,
                  | Int+4}
 69350 | Slime:3  | Paralysed by a floating eye for 3 turns
 69652 | Crypt:1  | Entered Level 1 of the Crypt
 69974 | Crypt:1  | Reached skill level 22 in Spellcasting
 71055 | Crypt:2  | Reached skill level 10 in Stealth
 71365 | Crypt:2  | Found a runed translucent gate.
 71365 | Crypt:2  | Found a runed translucent gate.
 71365 | Crypt:2  | Found a runed translucent gate.
 71366 | Crypt:2  | Noticed Bunoc's ghost (veteran FoFi)
 71375 | Crypt:2  | Killed Bunoc's ghost
 71910 | Crypt:3  | Entered Level 3 of the Crypt
 72243 | Crypt:3  | Found an ancient bone altar of Kikubaaqudgha.
 72369 | Crypt:3  | Identified the ring of Xemmipru {rPois rN+ Str+3} (You took
                  | it off a necromancer on level 3 of the Crypt)
 72506 | Crypt:3  | Got the Almanac of Evil Secrets
 72508 | Crypt:3  | Noticed a dread lich
 72510 | Crypt:3  | Killed a dread lich
 72521 | Crypt:3  | Noticed an ancient lich
 72523 | Crypt:3  | Killed an ancient lich
 72538 | Crypt:3  | Identified the ring "Puefolos" {rC+ rN+} (You took it off a
                  | necromancer on level 3 of the Crypt)
 72540 | Crypt:3  | Identified the +8 hunting sling of the Jester {freeze,
                  | *Slow rCorr MP+9 Dex+4}
 72542 | Crypt:3  | Identified the ring "Ruari" {rN+ Str+5 Int-2}
 72543 | Crypt:3  | Identified the +2 ice dragon scales "Anwoud" {rElec rF-
                  | rC++ Int+4 Dex+4 SInv}
 73217 | Crypt:3  | Learned a level 8 spell: Necromutation
 73355 | Crypt:3  | Noticed a royal mummy
 73357 | Crypt:3  | Killed a royal mummy
 73358 | Crypt:3  | Reached skill level 1 in Transmutations
 73362 | Crypt:3  | Found a staircase to the Tomb.
 74707 | Tomb:1   | Entered Level 1 of the Tomb of the Ancients
 75251 | Tomb:1   | Noticed a royal mummy
 75253 | Tomb:1   | Killed a royal mummy
 75853 | Tomb:1   | Noticed a royal mummy
 75855 | Tomb:1   | Killed a royal mummy
 76155 | Tomb:2   | Reached skill level 5 in Transmutations
 76155 | Tomb:2   | Noticed a royal mummy
 76156 | Tomb:2   | Noticed a royal mummy
 76158 | Tomb:2   | Noticed a royal mummy
 76161 | Tomb:2   | Reached skill level 23 in Spellcasting
 76501 | Tomb:3   | Entered Level 3 of the Tomb of the Ancients
 76520 | Tomb:3   | Noticed a royal mummy
 76522 | Tomb:3   | Killed a royal mummy
 76525 | Tomb:3   | Noticed a royal mummy
 76526 | Tomb:3   | Noticed a royal mummy
 76527 | Tomb:3   | Killed a royal mummy
 76528 | Tomb:3   | Killed a royal mummy
 76528 | Tomb:3   | Killed a royal mummy
 76530 | Tomb:3   | Noticed a royal mummy
 76530 | Tomb:3   | Noticed a royal mummy
 76530 | Tomb:3   | Noticed a royal mummy
 76531 | Tomb:3   | Noticed a royal mummy
 76532 | Tomb:3   | Killed a royal mummy
 76532 | Tomb:3   | Killed a royal mummy
 76532 | Tomb:3   | Killed a royal mummy
 76533 | Tomb:3   | Killed a royal mummy
 76533 | Tomb:3   | Noticed a royal mummy
 76535 | Tomb:3   | Killed a royal mummy
 76707 | Tomb:3   | Found the +5 robe of Night {Dark Will+ SInv}
 76722 | Tomb:3   | Identified the +10 morningstar of Oggi {vorpal, Int+4
                  | Dex-2}
 76730 | Tomb:3   | Identified the +8 battleaxe of Zojoprem {freeze, rN+ rCorr
                  | Str+2}
 76731 | Tomb:3   | Identified the +7 long sword "Ibeunau" {drain, Str+3}
 76733 | Tomb:3   | Identified the +9 quarterstaff "Vuadwef" {protect, Int+3}
 76788 | Tomb:3   | Got a golden rune of Zot
 77106 | Tomb:2   | Noticed a royal mummy
 77108 | Tomb:2   | Killed a royal mummy
 77109 | Tomb:2   | Noticed a royal mummy
 77110 | Tomb:2   | Killed a royal mummy
 77110 | Tomb:2   | Killed a royal mummy
 77111 | Tomb:2   | Reached skill level 15 in Necromancy
 77111 | Tomb:2   | Killed a royal mummy
 77113 | Tomb:2   | Killed a royal mummy
 78016 | Elf:1    | Entered Level 1 of the Elven Halls
 78093 | Elf:1    | Reached skill level 10 in Transmutations
 78145 | Elf:1    | Found Sogi's Magic Scroll Shoppe.
 78152 | Elf:1    | Bought a scroll of fog for 30 gold pieces
 78375 | Elf:1    | Found the +10 tower shield of Ignorance {rN+ Int-4}
 78387 | Elf:1    | Identified the +15 plate armour "Ibbydu" {Str+3 SInv}
 78391 | Elf:1    | Identified the +0 helmet of Autotheism {rPois rF++ Str+2}
 78403 | Elf:1    | Identified the +3 leather armour "Kacvuufu" {Fly Int+2}
 78531 | Elf:1    | Reached skill level 24 in Spellcasting
 78538 | Elf:1    | Noticed Agnes
 78539 | Elf:1    | Killed Agnes
 79673 | Elf:2    | Got the Reference Book on Transmigration
 79789 | Elf:2    | Found a runed translucent gate.
 79790 | Elf:2    | Found a runed translucent gate.
 79790 | Elf:2    | Found a runed translucent gate.
 79894 | Elf:2    | Found a portal to a secret trove of treasure.
 79897 | Elf:2    | You paid a toll of 7 scrolls of fear to enter a treasure
                  | trove
 79898 | Trove    | Entered a treasure trove
 80194 | Elf:3    | Entered Level 3 of the Elven Halls
 80420 | Elf:3    | Found a radiant altar of Vehumet.
 80466 | Elf:3    | Found a runed translucent gate.
 80467 | Elf:3    | Found a runed translucent gate.
 80473 | Elf:3    | Found a runed translucent gate.
 80474 | Elf:3    | Noticed CryoSword's ghost (adept DrCj)
 80476 | Elf:3    | Identified the amulet of the Middle {Acrobat rPois Will+
                  | Regen+ Str+2 Dex-4}
 80489 | Elf:3    | Killed CryoSword's ghost
 80501 | Elf:3    | Identified the +2 pair of boots of Greed {rPois}
 80654 | Elf:3    | Identified the ring "Wagoxen" {rN+ Str+3 Dex+4}
 80705 | Elf:3    | Identified the +10 mace of the Well-Known Towns {elec,
                  | Contam rF+ rC+ rN+} (You took it off a deep elf archer on
                  | level 3 of the Elven Halls)
 80767 | Elf:3    | Identified the +9 scythe of Shame {freeze, rF+ rC+ Int+2}
                  | (You took it off a deep elf pyromancer on level 3 of the
                  | Elven Halls)
 80773 | Elf:3    | Identified the ring of Incredulity {Ice *Corrode Fly Str+4}
                  | (You took it off a deep elf zephyrmancer on level 3 of the
                  | Elven Halls)
 81310 | Lair:1   | Learned a level 3 spell: Swiftness
 81481 | Hell     | Entered the Vestibule of Hell
 81481 | Hell     | Noticed Geryon
 81483 | Hell     | Reached skill level 10 in Earth Magic
 81485 | Hell     | Killed Geryon
 81626 | Hell     | Paralysed by a wendigo for 1 turns
 81643 | Hell     | Reached skill level 25 in Spellcasting
 82322 | Hell     | Found a gateway to the decaying netherworld of Tartarus.
 82402 | Hell     | Found a gateway to the freezing wastes of Cocytus.
 82435 | Hell     | Found a gateway to the Iron City of Dis.
 82488 | Hell     | Found a gateway to the ashen valley of Gehenna.
 82631 | Tar:1    | Entered Level 1 of Tartarus
 82863 | Tar:6    | Noticed a dread lich
 82912 | Tar:7    | Entered Level 7 of Tartarus
 83101 | Tar:7    | Noticed Ereshkigal
 83107 | Tar:7    | Found the dreamshard necklace {*Dream Drain}
 83148 | Tar:7    | Got a bone rune of Zot
 83148 | Tar:7    | HP: 1/171 [tainted leviathan (20)]
 83168 | Tar:7    | Noticed a dread lich
 83168 | Tar:7    | Noticed an ancient lich
 83171 | Tar:7    | Killed a dread lich
 83171 | Tar:7    | Killed an ancient lich
 83314 | Coc:1    | Entered Level 1 of Cocytus
 83620 | Coc:2    | Learned a level 9 spell: Shatter
 83643 | Coc:3    | Reached skill level 26 in Spellcasting
 83756 | Coc:4    | Reached skill level 15 in Earth Magic
 83773 | Coc:4    | You fall into a shaft and drop 1 floor!
 83774 | Coc:5    | Paralysed by a wendigo for 1 turns
 83988 | Coc:7    | Entered Level 7 of Cocytus
 84183 | Coc:7    | Got an icy rune of Zot
 84247 | Coc:7    | Learned a level 4 spell: Passage of Golubria
 84443 | Geh:1    | Entered Level 1 of Gehenna
 84445 | Geh:1    | Reached skill level 27 in Spellcasting
 84567 | Geh:2    | Noticed a dread lich
 84568 | Geh:2    | Killed a dread lich
 85657 | Geh:4    | Found a basalt altar of Yredelemnul.
 86089 | Geh:7    | Entered Level 7 of Gehenna
 87047 | Geh:7    | Identified the ring of Pidonun {rPois rC+ rN+ Slay+3}
 87491 | Geh:7    | Found the +7 sceptre of Asmodeus
 87491 | Geh:7    | Noticed Asmodeus
 87642 | Geh:7    | Got an obsidian rune of Zot
 87656 | Geh:7    | Killed Asmodeus
 87767 | Dis:1    | Entered Level 1 of the Iron City of Dis
 87984 | Dis:1    | Noticed a juggernaut
 87986 | Dis:1    | Killed a juggernaut
 88040 | Dis:1    | Noticed a juggernaut
 88042 | Dis:1    | Killed a juggernaut
 88069 | Dis:2    | HP: 6/171 [golden dragon/bolt of fire (15)]
 88069 | Dis:2    | Killed from afar by a quicksilver dragon

Illustrated notes

Levels and vault maps discovered:
D:1:      amcnicky_arrival_abandoned_market, layout_loops_ring,
          minmay_misc_feat_pillars, ebering_dispersal_statue_hall
D:2:      layout_loops_ring, uniq_crazy_yiuf_cottage, uniq_jessica
D:3:      layout_basic, minmay_unequal, uniq_ijyb
D:4:      layout_cave_pools, ebering_ghost_disaster_area, uniq_grinder,
          uniq_edmund, uniq_natasha
D:5:      layout_rooms, mainiacjoe_overflow_catwalk, marbit_many_paths,
          minmay_temple_entry_waves
D:6:      minmay_angry_zag, layout_gridville
D:7:      layout_loops_ring, lemuel_crystal_altar, grunt_decor_one_mirror
D:8:      layout_basic
D:9:      layout_roguey, enter_bailey_5, kennysheep_nub, grunt_ministairs_8,
          uniq_pikel
D:10:     nzn_motion_control, layout_basic, david_orc_3,
          minmay_stone_trees_large, uniq_maggie
D:11:     layout_gridville, lair_entry_dummy, serial_glass, glass_columns_a,
          glass_columns_c, uniq_erica
D:12:     nrook_guardian_serpent_snake_passage, layout_loops_ring,
          lemuel_blue_sif_altar, uniq_maurice
D:13:     layout_long_grid, erik_vaults_2, gammafunk_ghost_hydra_chop
D:14:     layout_long_grid, vehumet_crystals, lemuel_nasty_fountain
D:15:     grunt_enter_depths_giant_problem, layout_gridville, serial_shops,
          nicolae_shop_hallway_stairs, nicolae_shop_bloodbath_and_beyond,
          shop_coins, nicolae_elyvilon_temple_path
Temple:   mainiacjoe_temple_bowtie_tessellation
Lair:1:   layout_roguey, lemuel_fruit_tree
Lair:2:   layout_roguey, minmay_shoals_entry_beasts, minivault_27, minivault_24
Lair:3:   layout_gridlike, grunt_megastairs_1, infiniplex_staircase_pool_2
Lair:4:   layout_small_grid, minmay_snake_entry_six_corridors, serial_rivers,
          chequers_serial_rivers_marsh, chequers_serial_rivers_small_3,
          chequers_serial_rivers_room_b, chequers_serial_rivers_micro_e,
          lemuel_old_faithful, serial_bayou_shore_b
Lair:5:   layout_regular_city, chequers_serial_rivers_micro_e, disabler_island,
          uniq_urug
Lair:6:   hellmonk_lair_end_abyssal_woods, layout_loops_ring,
          nicolae_slime_entry_slimehenge, gauntlet_entry_generic,
          ebering_ghost_reflecting_pool, st_stairs_13, minmay_lair_drake_nest
Shoals:1: layout_shoals, serial_shops, shop, uniq_nikola
Shoals:2: layout_shoals
Shoals:3: layout_shoals, uniq_aizul
Shoals:4: shoals_end_simple, layout_shoals
Snake:1:  layout_rooms, st_stairs_10
Snake:2:  layout_basic, hellmonk_ghost_happy_afterlife,
          nicolae_snake_biting_tails, uniq_vashnia, uniq_saint_roka
Snake:3:  layout_cave_pods
Snake:4:  grunt_snake_rune_serpentine_throne, layout_onion_interference,
          serial_shops, nicolae_shop_crystal, uniq_mara
Slime:1:  layout_caves, nicolae_slime_phagocytosis
Slime:2:  layout_caves
Slime:3:  layout_caves
Slime:4:  layout_caves, dissolution_awaits
Slime:5
Orc:1:    layout_caves, gammafunk_ghost_smash
Orc:2:    grunt_orc_tribal_feast, layout_diamond_mine, david_defended_altar_orc
Elf:1:    eino_elf_arrival_the_gate, layout_loops_corners, serial_shops, shop,
          minivault_28, st_stairs_14, dk_noncrumbling_4,
          fake_guardian_serpent_vault, uniq_agnes
Elf:2:    nicolae_elf_blades_crystal_corner, layout_loops_corners,
          trove_entry_hex_spiral, nicolae_elf_shapeshifter_party
Elf:3:    grunt_elf_hall_asides, layout_rooms, basic_altar,
          gammafunk_ghost_tricky_traps
Vaults:1: vaults_room_glass_cross, v_misc_22,
          hangedman_vaults_stretched_pinwheel, vaults_mumra_minichess_inversion,
          nicolae_vaults_little_ls, ontoclasm_vaults_tryst,
          layout_vaults_chaotic_city, serial_shops, nicolae_shop_stone
Vaults:2: vaults_mumra_hex, st_quartered_hall, nicolae_vaults_disjoint_gnomons,
          nicolae_vaults_ring_of_whatevers, v_misc_15, ontoclasm_vaults_eye,
          minmay_crypt_entry_simple_sparse, hangedman_vaults_nodes,
          vaults_mumra_chevron, vaults_dpeg_hooks, vaults_standard_mumra_lines,
          v_misc_18, vaults_dpeg_diagonal, layout_vaults_maze, serial_shops,
          nicolae_shop_overgrown_old_shop
Vaults:3: v_misc_11, serial_ice_b, v_rooms_2, v_misc_2,
          hangedman_vaults_stretched_pinwheel, nicolae_vaults_mini_display_case,
          ontoclasm_vaults_hangar, vaults_mumra_hexcomb, st_greater_box_1,
          hangedman_vaults_stretched_pinwheel,
          nicolae_vaults_diagonal_hallway_9, v_alt_pattern_5,
          ontoclasm_vaults_fault, v_misc_22, nicolae_vaults_little_squares_2,
          nicolae_vaults_little_squares_4, layout_vaults_omnibox
Vaults:4: hangedman_vaults_cutoff, nicolae_vaults_alarming,
          nicolae_vaults_yaktaur_gun_rack, ontoclasm_vaults_chip, v_pattern_5,
          v_alt_pattern_1, nicolae_vaults_border_crossing,
          ontoclasm_vaults_gallery, layout_vaults_omnigrid, serial_shops, shop,
          uniq_bai_suzhen
Vaults:5: uniq_margery
Crypt:1:  layout_basic, grunt_ministairs_4, evilmike_ambush
          [evilmike_ambush_outer_pillars, evilmike_ambush_inner_pond]
Crypt:2:  layout_misc_corridors, gammafunk_ghost_necromancy, fountainhead,
          grunt_ministairs_11
Crypt:3:  evilmike_haunted_forest
Tomb:1
Tomb:2
Tomb:3
Depths:1: layout_basic, enter_ziggurat_e, grunt_decor_resistance, hellmouth_2,
          infiniplex_enter_wizlab_water, minmay_misc_feat_ornament,
          okawaru_trees_2
Depths:2: minmay_central_circle, layout_cave_shapes, pf_coc_iceberg, pan_entry,
          nicolae_hepliaklqana_monster_ancestors, serial_bayou_shore_a
Depths:3: minmay_the_grid_triangle_9x9_recursive_3
          [minmay_the_grid_triangle_9x9_alien,
          minmay_the_grid_triangle_9x9_cache,
          minmay_the_grid_triangle_9x9_sparse_checkered,
          minmay_the_grid_triangle_9x9_prize_center,
          minmay_the_grid_triangle_9x9_from_above,
          minmay_the_grid_triangle_9x9_steps,
          minmay_the_grid_triangle_9x9_skeleton,
          minmay_the_grid_triangle_9x9_corrupted_corridor,
          minmay_the_grid_triangle_9x9_minimal], layout_cave_pools, hell_entry,
          rand_demon_pan_entry_7, abyss_entry
Depths:4: evilmike_zot_entry_diamond, layout_cave_pools, serial_shops, shop,
          hell_entry, abyss_entry, nicolae_wu_jian_wuxing_cycle
Hell
Dis:1:    nicolae_hells_titanomachy
Dis:2:    layout_jigsaw, nicolae_dis_metal_dragon_surprise
Geh:1:    layout_gehenna_pools_box, gehenna_fire_generator
Geh:2:    nicolae_geh_realm_of_the_lava_sea
Geh:3:    layout_gehenna_pools_basic, nicolae_geh_lavax
Geh:4:    layout_gehenna_pools_box, lemuel_hellish_altar
Geh:5:    layout_gehenna_pools_box
Geh:6:    layout_gehenna_pools_box
Geh:7:    geh_hangedman
Coc:1:    layout_ice_bergs
Coc:2:    layout_ice_bergs
Coc:3:    layout_ice_bergs
Coc:4:    layout_ice_bergs
Coc:5:    layout_cocytus_water_paths
Coc:6:    layout_ice_bergs
Coc:7:    coc_grunt_cove [coc_grunt_cove_antaeus, coc_grunt_cove_fiend,
          coc_grunt_cove_fiend, coc_grunt_cove_fiend, coc_grunt_cove_fiend]
Tar:1:    layout_grid_maze
Tar:2:    layout_honeycomb
Tar:3:    layout_catacombs, nicolae_tar_cuneiform_heaven
Tar:4:    layout_cathedral_of_symmetry
Tar:5:    layout_cathedral_of_symmetry, nicolae_hells_seeping_fissure
Tar:6:    layout_honeycomb
Tar:7:    tar_grunt_cathedral

Skill      XL: |  1  2  3  4  5  6  7  8  9 10 11 12 13 14 15 16 17 18 19 20 21 22 23 24 25 26 27 |
---------------+----------------------------------------------------------------------------------+-----
Spellcasting   | 3 4 5 6 7 8 9 10 11 13 15 16 17 18 19 20 21 27 | 27.0
Fire Magic     | 4 5 6 7 9 10 11 12 14 15 16 18 20 21 22 23 24 | 24.5
Conjurations   | 2 4 5 6 8 10 13 14 15 17 18 19 20 21 22 | 22.4
Hexes          | 1 |  1.0
Shields        | 1 6 |  6.0
Dodging        | 4 5 6 10 | 10.0
Stealth        | 6 7 10 | 10.1
Fighting       | 5 10 | 10.0
Translocations | 3 5 8 |  8.1
Necromancy     | 7 8 9 16 | 16.0
Earth Magic    | 6 8 23 | 23.4
Transmutations | 11 | 11.1
Unarmed Combat | |  0.1

Action                   |  1- 3 |  4- 6 |  7- 9 | 10-12 | 13-15 | 16-18 | 19-21 | 22-24 | 25-27 || total
-------------------------+-------+-------+-------+-------+-------+-------+-------+-------+-------++-------
Melee: Unarmed           |     1 |     5 |     2 |     5 |       |       |       |       |       ||    13
       Tentacles         |       |     4 |       |     2 |     2 |       |       |     1 |    21 ||    30
       Constrict         |       |     2 |     1 |     1 |     1 |       |     1 |     1 |    12 ||    19
       Punch             |       |     1 |       |       |       |       |       |     1 |     1 ||     3
       Staff             |       |       |       |       |     4 |       |     2 |     2 |    50 ||    58
Throw: Dart              |       |       |       |     5 |     4 |       |       |       |       ||     9
 Cast: Foxfire           |    41 |    55 |   183 |   160 |   209 |    22 |     1 |     1 |     1 ||   673
       Scorch            |     8 |    16 |    63 |   134 |   119 |    11 |       |       |       ||   351
       Conjure Flame     |       |     1 |       |    11 |       |       |       |       |       ||    12
       Inner Flame       |       |       |     7 |     7 |    15 |     9 |       |       |       ||    38
       Fireball          |       |       |     2 |    91 |   229 |   246 |   152 |    61 |    76 ||   857
       Flame Wave        |       |       |       |     7 |    15 |       |       |       |       ||    22
       Iskenderun's Batt |       |       |       |    19 |    67 |    48 |     1 |     1 |       ||   136
       Sublimation of Bl |       |       |       |     4 |       |     1 |     8 |     1 |    39 ||    53
       Sticky Flame      |       |       |       |       |     7 |       |       |       |       ||     7
       Orb of Destructio |       |       |       |       |    14 |   100 |    25 |    48 |   150 ||   337
       Blink             |       |       |       |       |     5 |     7 |     1 |       |    10 ||    23
       Starburst         |       |       |       |       |    41 |   116 |   103 |    83 |   110 ||   453
       Ignition          |       |       |       |       |       |     2 |   107 |     5 |    52 ||   166
       Apportation       |       |       |       |       |       |     2 |       |    26 |    10 ||    38
       Fire Storm        |       |       |       |       |       |       |    27 |   260 |   390 ||   677
       Lehudib's Crystal |       |       |       |       |       |       |       |    31 |   149 ||   180
       Shatter           |       |       |       |       |       |       |       |       |    58 ||    58
       Passage of Golubr |       |       |       |       |       |       |       |       |    28 ||    28
       Necromutation     |       |       |       |       |       |       |       |       |     8 ||     8
       Swiftness         |       |       |       |       |       |       |       |       |     3 ||     3
 Abil: End Transformatio |       |       |       |       |       |       |       |       |     3 ||     3
Evoke: Wand              |       |       |       |     5 |     1 |       |       |       |     5 ||    11
  Use: Potion            |       |     2 |     2 |     4 |     1 |       |       |     6 |    18 ||    33
       Scroll            |       |       |     8 |    18 |     8 |     4 |     2 |     8 |    29 ||    77
 Stab: Sleeping          |     1 |       |       |       |       |       |       |       |     3 ||     4
Armor: Skin              |     2 |       |     4 |     1 |     4 |     9 |     5 |    12 |    53 ||    90
Dodge: Dodged            |    15 |    10 |    14 |    70 |    63 |    71 |    39 |    50 |   142 ||   474
Block: Other             |       |     1 |     5 |    22 |    16 |       |       |       |       ||    44
       Reflection        |       |       |     1 |     9 |     5 |    28 |    12 |       |     3 ||    58
       Buckler           |       |       |       |       |    13 |    54 |    31 |    63 |    88 ||   249
